Map: Cyber Forest LE

Players

TIME (Oliveira) - Winner!

  • Race: Terran Terran
  • Spawn Location: 5:00

MacSed

  • Race: Protoss Protoss
  • Spawn Location: 11:00

Event: 2019 WCS Spring

VOD

Have the link to the VOD?

Description

Time

  • Played on: May 17, 2019, 3 p.m.
  • Length: 12:27

All games in this series

Show
View Real Time Build Order
Export as new Build Order

TIME Terran - Winner!

Build Orders:  

Get SALT Encoding   

  12  0:00  SCV  
  13  0:12  SCV  
  14  0:17  Supply Depot  
  14  0:24  SCV  
  15  0:39  SCV  
  15  0:40  Barracks  
  16  0:44  Refinery  
  16  0:51  SCV  
  17  1:03  SCV  
  18  1:15  SCV  
  19  1:27  SCV, Reaper  
  21  1:36  Command Center  
  21  1:45  Orbital Command  
  21  1:55  Supply Depot  
  21  1:59  Marine  
  22  2:09  Factory  
  22  2:11  SCV  
  23  2:17  Refinery  
  23  2:21  Barracks Reactor  
  23  2:24  SCV  
  24  2:36  SCV  
  25  2:48  Orbital Command  
  25  2:50  SCV  
  25  2:53  Widow Mine  
  25  2:58  Marine x2  
  29  3:00  Starport  
  29  3:02  SCV  
  30  3:14  SCV x2  
  30  3:15  Marine  
  30  3:16  Widow Mine  
  30  3:19  Marine  
  36  3:26  SCV x2  
  38  3:32  Supply Depot  
  38  3:36  Medivac  
  38  3:37  Marine  
  38  3:38  SCV, Marine  
  38  3:40  Factory Tech Lab  
  42  3:41  SCV  
  43  3:50  SCV  
  43  3:53  SCV  
  45  3:57  Refinery, Marine x2  
  45  3:58  Barracks  
  45  4:01  Siege Tank  
  50  4:04  SCV  
  50  4:06  SCV  
  52  4:11  Supply Depot  
  52  4:16  SCV  
  53  4:21  Marine  
  51  4:26  Bunker  
  51  4:29  SCV  
  51  4:31  Marine  
  53  4:32  SCV  
  53  4:33  Starport Tech Lab  
  54  4:39  Marine  
  54  4:42  SCV  
  54  4:44  SCV  
  57  4:46  Supply Depot  
  57  4:48  Siege Tank  
  60  4:54  SCV, Barracks Tech Lab  
  60  4:58  Barracks  
  61  5:02  Engineering Bay  
  61  5:03  SCV  
  62  5:07  Raven  
  62  5:08  Supply Depot  
  62  5:13  Marine  
  62  5:14  Stimpack, Marine  
  66  5:15  SCV  
  66  5:16  SCV  
  66  5:20  Marine  
  69  5:22  Refinery  
  69  5:29  Supply Depot  
  69  5:30  Supply Depot  
  69  5:31  Marine  
  69  5:33  Siege Tank  
  73  5:36  SCV x2  
  73  5:39  Terran Infantry Weapons Level 1  
  75  5:44  Marine  
  75  5:48  Supply Depot  
  75  5:49  SCV  
  77  5:53  Marine  
  77  5:56  Marine  
  79  5:59  SCV  
  79  6:03  Marine  
  81  6:04  SCV  
  81  6:05  Starport Reactor  
  81  6:10  Siege Tank  
  81  6:11  Marine  
  85  6:18  Marine  
  85  6:20  Combat Shield  
  85  6:21  Marauder  
  85  6:25  Marine  
  88  6:29  Marauder  
  88  6:30  Supply Depot  
  90  6:38  Marine  
  91  6:42  Marauder  
  91  6:44  Marine  
  94  6:49  Siege Tank  
  94  6:51  Marauder  
  94  6:54  Medivac x2  
  99  6:57  Marine  
  99  6:59  SCV x2, Command Center  
  101  7:03  Marauder  
  101  7:04  Supply Depot  
  101  7:05  Marine  
  104  7:12  Marauder  
  104  7:15  Marine  
  106  7:20  Missile Turret  
  107  7:23  Missile Turret, Marine  
  107  7:25  Marauder  
  107  7:26  Supply Depot  
  110  7:31  SCV, Factory Reactor  
  110  7:33  Marine  
  114  7:40  Marine  
  114  7:43  Medivac, Barracks x2  
  117  7:47  Medivac  
  117  7:49  Supply Depot  
  117  7:50  Supply Depot  
  115  7:54  Terran Infantry Armor Level 1  
  110  8:06  Marauder, Marine x2  
  110  8:08  Widow Mine  
  110  8:10  SCV, Marine  
  103  8:24  Marine x2  
  97  8:28  Marauder x2  
  97  8:33  SCV  
  100  8:34  SCV  
  100  8:40  Barracks Reactor  
  101  8:41  Marine  
  101  8:43  Barracks Tech Lab  
  102  8:55  SCV  
  94  9:02  Marine  
  94  9:03  Marauder  
  94  9:05  Marine  
  94  9:06  SCV  
  94  9:08  SCV, Widow Mine x2  
  99  9:11  Medivac  
  99  9:12  SCV  
  87  9:24  Marine x2  
  87  9:25  Marauder, Marine  
  87  9:27  Marine  
  87  9:28  Marauder  
  87  9:29  SCV  
  87  9:31  SCV  
  92  9:34  Refinery  
  92  9:40  Marine  
  92  9:44  Widow Mine  
  95  9:46  Marauder, Widow Mine  
  95  9:49  SCV  
  95  9:50  SCV  
  101  9:59  Marine x2  
  102  10:00  Marauder  
  102  10:04  Marauder, Marine  
  107  10:09  SCV  
  107  10:11  Orbital Command  
  104  10:16  Marine  
  104  10:17  Concussive Shells  
  104  10:18  Widow Mine  
  107  10:26  Marine  
  107  10:28  SCV x2  
  111  10:32  Widow Mine  
  108  10:36  SCV, Medivac x2  
  108  10:40  SCV  
  108  10:41  SCV, Ghost Academy  
  108  10:42  Marine  
  115  10:50  SCV, Marine x2  
  115  10:51  Marauder  
  112  10:58  Marine  
  112  11:03  SCV  
  115  11:06  SCV x2  
  115  11:08  Marine  
  115  11:09  Supply Depot  
  113  11:12  Ghost x3  
  113  11:14  Widow Mine  
  113  11:15  SCV  
  114  11:22  Medivac x2  
  114  11:24  SCV, Marine x2  
  105  11:30  Widow Mine, Marine  
  103  11:38  Marine  
  103  11:40  Ghost, Widow Mine  
  103  11:41  Marauder x2  
  103  11:42  Marine  
  103  11:43  Marine  
  113  11:52  Marine  
  114  11:56  Marine  
  114  11:59  Marine  
  114  12:01  Marine  
  117  12:02  Widow Mine  
  117  12:03  Marauder x2  
  117  12:05  Widow Mine  
  117  12:07  Engineering Bay  
  117  12:08  Armory  
  125  12:10  SCV x2  
  125  12:14  Refinery x2  
Show
View Real Time Build Order
Export as new Build Order

MacSed Protoss 

Build Orders: 1 Gate Expand 

Get SALT Encoding   

  12  0:00  Probe  
  13  0:12  Probe  
  14  0:17  Pylon  
  14  0:24  Probe  
  15  0:32  Probe  
  15  0:38  Gateway  
  15  0:40  Probe  
  16  0:47  Assimilator  
  17  0:51  Probe  
  18  1:03  Probe  
  19  1:15  Probe  
  20  1:25  Cybernetics Core  
  20  1:33  Nexus  
  20  1:40  Pylon  
  20  1:43  Probe  
  21  1:49  Assimilator  
  21  1:52  Warp Gate, Adept  
  21  1:55  Probe  
  24  2:09  Shield Battery  
  24  2:12  Probe, Adept  
  27  2:26  Probe  
  28  2:38  Probe  
  28  2:41  Adept  
  30  2:48  Probe  
  30  2:50  Probe  
  32  3:00  Probe  
  32  3:02  Gateway  
  33  3:06  Gateway  
  33  3:07  Probe  
  33  3:12  Probe  
  35  3:19  Pylon  
  35  3:23  Probe  
  35  3:25  Probe  
  37  3:35  Probe  
  38  3:42  Stalker  
  38  3:43  Probe  
  38  3:46  Robotics Facility  
  42  3:48  Probe  
  42  3:56  Stalker  
  42  4:00  Probe  
  42  4:01  Stalker  
  47  4:05  Probe  
  47  4:06  Pylon  
  48  4:12  Twilight Council  
  44  4:24  Stalker x3  
  44  4:29  Probe x2, Warp Prism  
  52  4:41  Charge, Probe  
  56  4:46  Pylon  
  56  4:57  Gateway x2  
  55  5:02  Gateway  
  55  5:08  Gateway  
  55  5:09  Gateway  
  55  5:18  Zealot x3  
  61  5:21  Pylon  
  60  5:36  Probe  
  61  5:46  Pylon  
  61  5:49  Zealot x3  
  67  5:52  Zealot x2  
  67  5:56  Zealot, Pylon  
  73  6:03  Pylon  
  73  6:05  Zealot  
  73  6:07  Zealot  
  77  6:16  Pylon  
  77  6:25  Probe  
  78  6:27  Templar Archives  
  79  6:34  Assimilator  
  79  6:37  Assimilator  
  78  6:40  Nexus  
  78  6:43  Psionic Storm  
  78  6:47  Probe  
  78  6:49  Forge  
  79  6:55  Probe  
  79  6:58  Pylon  
  80  7:01  Probe  
  80  7:07  Probe  
  80  7:08  Blink  
  82  7:13  High Templar x2, Probe  
  87  7:20  Probe  
  87  7:22  Pylon  
  88  7:25  Probe  
  88  7:29  Protoss Ground Armor Level 1  
  89  7:32  Probe  
  90  7:38  Probe  
  90  7:40  High Templar  
  90  7:41  High Templar  
  90  7:43  Zealot x3  
  90  7:44  Probe  
  100  7:52  Zealot x2  
  100  7:55  Zealot  
  94  8:14  Zealot x6  
  94  8:24  Zealot x2  
  88  8:34  Zealot x5  
  88  8:37  High Templar  
  98  8:47  Zealot x2  
  92  9:00  Archon  
  78  9:02  Zealot x5  
  70  9:11  Zealot x3  
  72  9:21  Archon  
  72  9:23  Zealot x3  
  72  9:24  Zealot  
  72  9:27  High Templar  
  70  9:33  Pylon  
  70  9:35  High Templar x3  
  76  9:44  Stalker  
  78  9:51  Pylon  
  76  9:56  Zealot x3  
  76  10:00  Zealot  
  76  10:09  Zealot x4  
  80  10:18  Archon  
  80  10:20  High Templar x4  
  80  10:31  Zealot x4  
  92  10:52  Zealot x3  
  92  10:53  Zealot x4  
  92  10:56  Zealot  
  88  11:15  Gateway  
  80  11:20  Gateway  
  80  11:21  Zealot x6  
  79  11:27  Probe  
  76  11:37  Twilight Council  
  70  11:41  Robotics Facility  
  70  11:44  Zealot x3  
  70  11:46  Zealot, High Templar x2  
  82  11:49  Probe  
  76  12:05  Stalker x3  
  82  12:12  Zealot x2  
  82  12:15  Stalker  
  88  12:17  Dark Shrine  
  88  12:20  Archon  
Tags
 
Add a new tag
Caveats
  • Supply blocks, unpowered buildings, or Contaminate may cause inaccurate times.
  • Supply counts are checked every 10 seconds.